 Dungeon Crawl Stone Soup version 0.30.0-29-ga12c61a403 (webtiles) character file.

Game seed: 6060203626400730282

668 monsoonserge the Chiller (level 7, -6/51 HPs)
             Began as a Gnoll Ice Elementalist on June 16, 2023.
             Killed by divine providence
             ... invoked by an orc priest
              (13 damage)
             ... on level 5 of the Dungeon.
             The game lasted 00:14:17 (3430 turns).

monsoonserge the Chiller (Gnoll Ice Elementalist)   Turns: 3430, Time: 00:14:18

Health: -6/51      AC:  4    Str:  7    XL:     7   Next: 58%
Magic:  2/15       EV: 13    Int: 17    God:
Gold:   186        SH:  0    Dex: 12    Spells: 3/17 levels left

rFire   . . .        a - +0 sling
rCold   + . .        (no shield)
rNeg    . . .        j - +0 leather armour
rPois   +            r - +0 helmet
rElec   .            (no cloak)
rCorr   .            (no gloves)
SInv    .            (no boots)
Will    .....        (no amulet)
Stlth   +++          l - ring of poison resistance
HPRegen 0.28/turn    t - ring of protection from cold
MPRegen 0.14/turn

%: no passive effects
@: no status effects
A: fangs 1, strong nose, distributed training
a: no special abilities


You were on level 5 of the Dungeon.
You visited 1 branch of the dungeon, and saw 5 of its levels.

You collected 186 gold pieces.

Inventory:

Hand Weapons
 a - a +0 sling (weapon)
 b - a +1 flail of protection
 f - a +0 dagger
 E - a +0 whip of electrocution
Missiles
 o - 8 poisoned darts
Armour
 e - a +0 chain mail
 j - a +0 leather armour (worn)
 n - a +0 ring mail
 r - a +0 helmet (worn)
Jewellery
 l - a ring of poison resistance (left hand)
 t - a ring of protection from cold (right hand)
 A - a ring of fire
Wands
 z - a wand of paralysis (7)
 D - a wand of digging (10)
Scrolls
 i - 3 scrolls of identify {unknown}
 k - 3 scrolls of immolation {unknown}
 m - 2 scrolls of vulnerability {unknown}
 q - 2 scrolls of poison {unknown}
 s - a scroll of amnesia {unknown}
 x - a scroll of blinking {unknown}
 y - a scroll of fear {unknown}
 C - 2 scrolls of fog {unknown}
Potions
 c - 2 potions of heal wounds {unknown}
 d - 2 potions of curing {unknown}
 g - a potion of magic
 h - 2 potions of lignification {unknown}
 p - 2 potions of ambrosia {unknown}
 u - a potion of degeneration {unknown}
 v - 2 potions of invisibility {unknown}
 w - a potion of haste {unknown}
 B - a potion of cancellation {unknown}
 F - a potion of berserk rage {unknown}


   Skills:
 + Level 2.7 Fighting
 + Level 2.7 Short Blades
 + Level 2.7 Long Blades
 + Level 2.7 Axes
 + Level 2.7 Maces & Flails
 + Level 2.7 Polearms
 + Level 2.7 Staves
 + Level 2.7 Ranged Weapons
 + Level 2.7 Throwing
 + Level 2.7 Armour
 + Level 5.3 Dodging
 + Level 5.0 Stealth
 + Level 2.7 Shields
 + Level 2.7 Unarmed Combat
 + Level 5.7 Spellcasting
 + Level 2.2 Conjurations
 + Level 2.2 Hexes
 + Level 2.2 Summonings
 + Level 2.2 Necromancy
 + Level 2.2 Translocations
 + Level 2.2 Transmutations
 + Level 2.2 Fire Magic
 + Level 7.5 Ice Magic
 + Level 2.2 Air Magic
 + Level 2.2 Earth Magic
 + Level 2.2 Poison Magic
 + Level 3.0 Invocations
 + Level 2.7 Evocations


You had 3 spell levels left.
You knew the following spells:

 Your Spells              Type           Power      Damage    Failure   Level
a - Freeze                Ice            100%       1d10      1%          1
b - Frozen Ramparts       Ice            60%        1d10      2%          3
c - Ozocubu's Armour      Ice            30%        N/A       2%          3
d - Summon Ice Beast      Ice/Summ       21%        N/A       26%         4
e - Hailstorm             Conj/Ice       21%        3d6       8%          3

Your spell library contained the following spells:

 Spells                   Type           Power      Damage    Failure   Level
 Kiss of Death            Conj/Necr      48%        2d9       8%          1
 Sting                    Tmut/Pois      48%        1d5       8%          1
 Poisonous Vapours        Pois/Air       24%        N/A       12%         2
 Confusing Touch          Hex            12%        N/A       24%         3
 Ice Form                 Ice/Tmut       21%        N/A       26%         4
 Dispel Undead            Necr           12%        3d9       61%         4
 Olgreb's Toxic Radiance  Pois           12%        N/A       61%         4
 Simulacrum               Ice/Necr       10%        N/A       99%         6


Dungeon Overview and Level Annotations

Branches:
Dungeon (5/15)
 Temple: D:4-7

Altars:
Hepliaklqana
Yredelemnul

Annotations:
D:2 Sigmund
D:5 Eustachio


Innate Abilities, Weirdness & Mutations

You have very sharp teeth.
Your uncanny sense of smell can sniff out nearby items.
Your experience applies equally to all skills.


Message History

You kill the orc priest!
The wall freezes the scorpion but does no damage.
The wall freezes the orc warrior but does no damage.
The orc warrior hits you with a +0 scimitar.
The wall freezes the scorpion but does no damage.
Your Invocations skill increases to level 3!
Casting: Hailstorm (dangerous; 8% risk of failure)
Confirm with . or Enter, or press ? or * to list all spells.
A film of ice covers your body!
The wall freezes the scorpion.
The wall freezes the orc warrior.
The orc warrior hits you with a +0 scimitar!
You shoot a sling bullet. The sling bullet hits the orc warrior.
The orc warrior is almost dead.
The frozen ramparts melt away.
The orc warrior hits you with a +0 scimitar!
You shoot a sling bullet. The sling bullet hits the orc warrior.
The orc warrior is almost dead.
The orc warrior hits you with a +0 scimitar.
You shoot a sling bullet.
The sling bullet closely misses the orc warrior.
The sling bullet closely misses the scorpion.
The orc warrior hits you but does no damage.
An orc priest comes into view. It is wielding a +0 club.
You shoot a sling bullet.
The sling bullet hits the orc warrior but does no damage.
The orc warrior is almost dead.
Eustachio the Magnificent comes into view.
He is wielding a +0 falchion.
The orc warrior hits you with a +0 scimitar.
The orc warrior hits you with a +0 scimitar!
* * * LOW HITPOINT WARNING * * *
Okay, then.
Aiming: Paralyse
Press: ? - help, Shift-Dir - straight line, f/p - orc warrior
Aim: an orc warrior, wielding a +0 scimitar and wearing a +0 chain mail (almost dead, chance to affect: 55%)
The orc warrior suddenly stops moving!
Your icy armour will break if you move.
Continue?
Your icy armour cracks and falls away as you move.
The orc priest mumbles some strange prayers to Beogh against you.
Beogh smites you!
You die...

########
#<.....#
#.####.#
#.#
#.####
#..@.#
####o#
#.@)....#
#†).#####
...o#
..#...
.#.##...
.... ..#
.#.#. ..#


You could see Eustachio, an orc warrior (paralysed) and an orc priest.

Vanquished Creatures
  Edmund (D:4)
  Duvessa (D:4)
  A scorpion (D:2)
  Dowan (D:4)
  A jelly (D:4)
  An orc priest (D:5)
  2 iguanas (D:4)
  A sleepcap (D:3)
  Ijyb (D:4)
  2 orc wizards (D:5)
  4 adders
  3 gnolls (D:4)
  A worm (D:3)
  2 dart slugs
  2 orcs (D:5)
  6 endoplasms
  3 giant cockroaches
  4 goblins
  4 hobgoblins
  4 jackals
  7 kobolds
  A quokka (D:3)
  7 ball pythons
  4 bats
  5 frilled lizards
  5 rats
74 creatures vanquished.

Notes
Turn   | Place    | Note
-------+----------+-------------------------------------------
     0 | D:1      | monsoonserge the Gnoll Ice Elementalist began the quest for
                  | the Orb.
     0 | D:1      | Reached XP level 1. HP: 13/13 MP: 6/6
    70 | D:1      | Reached XP level 2. HP: 19/19 MP: 3/7
   523 | D:2      | Reached skill level 5 in Spellcasting
   523 | D:2      | Reached XP level 3. HP: 25/25 MP: 7/9
   577 | D:2      | Noticed Sigmund
   734 | D:2      | Noticed a scorpion
   741 | D:1      | Learned a level 3 spell: Frozen Ramparts
   745 | D:1      | Learned a level 3 spell: Ozocubu's Armour
   777 | D:2      | Found a basalt altar of Yredelemnul.
   901 | D:2      | Reached skill level 1 in Invocations
   976 | D:2      | Reached skill level 1 in Fighting
   976 | D:2      | Reached skill level 1 in Short Blades
   976 | D:2      | Reached skill level 1 in Long Blades
   976 | D:2      | Reached skill level 1 in Axes
   976 | D:2      | Reached skill level 1 in Maces & Flails
   976 | D:2      | Reached skill level 1 in Polearms
   976 | D:2      | Reached skill level 1 in Staves
   976 | D:2      | Reached skill level 1 in Ranged Weapons
   976 | D:2      | Reached skill level 1 in Throwing
   976 | D:2      | Reached skill level 1 in Armour
   976 | D:2      | Reached skill level 1 in Shields
   976 | D:2      | Reached skill level 1 in Unarmed Combat
   976 | D:2      | Reached skill level 1 in Evocations
  1046 | D:2      | Found a faded altar of an unknown god.
  1101 | D:2      | Killed a scorpion
  1102 | D:2      | Reached skill level 1 in Conjurations
  1102 | D:2      | Reached skill level 1 in Hexes
  1102 | D:2      | Reached skill level 1 in Summonings
  1102 | D:2      | Reached skill level 1 in Necromancy
  1102 | D:2      | Reached skill level 1 in Translocations
  1102 | D:2      | Reached skill level 1 in Transmutations
  1102 | D:2      | Reached skill level 1 in Fire Magic
  1102 | D:2      | Reached skill level 1 in Air Magic
  1102 | D:2      | Reached skill level 1 in Earth Magic
  1102 | D:2      | Reached skill level 1 in Poison Magic
  1102 | D:2      | Reached XP level 4. HP: 21/32 MP: 3/11
  1171 | D:2      | Reached XP level 5. HP: 37/37 MP: 10/12
  1217 | D:2      | Learned a level 4 spell: Summon Ice Beast
  1463 | D:3      | Found a hazy altar of Hepliaklqana.
  1831 | D:3      | HP: 1/37 [sleepcap (3)]
  2479 | D:4      | Noticed Edmund
  2481 | D:4      | Noticed Duvessa
  2481 | D:4      | Noticed Dowan
  2712 | D:4      | Reached XP level 6. HP: 44/44 MP: 7/14
  2731 | D:4      | Learned a level 3 spell: Hailstorm
  2794 | D:4      | Reached skill level 5 in Dodging
  3004 | D:4      | Noticed Ijyb
  3011 | D:4      | Killed Ijyb
  3057 | D:4      | Killed Dowan
  3059 | D:4      | Killed Duvessa
  3060 | D:4      | Reached XP level 7. HP: 22/51 MP: 1/15
  3069 | D:4      | Killed Edmund
  3409 | D:5      | Entered Level 5 of the Dungeon
  3422 | D:5      | Reached skill level 5 in Stealth
  3428 | D:5      | Noticed Eustachio
  3430 | D:5      | Killed from afar by an orc priest

Illustrated notes

Levels and vault maps discovered:
D:1:      wander_arrival_lonely_grave, layout_rooms
D:2:      layout_rooms, basic_ecumenical_altar, basic_altar, serial_curves,
          eino_curves_03, eino_curves_03, uniq_sigmund
D:3:      minmay_door_path, layout_loops_cross,
          mainiacjoe_overflow_six_doors_small
D:4:      layout_basic, grunt_decor_resistance, uniq_duvessa, uniq_edmund,
          uniq_ijyb
D:5:      cheibrodos_barr_body, layout_basic,
          mainiacjoe_overflow_catwalk_spiral, temple_doors_e, serial_glass,
          glass_columns_b, glass_columns_b, nicolae_ossuary_entry_ruins,
          uniq_eustachio

Skill      XL: |  1  2  3  4  5  6  7 |
---------------+----------------------+-----
Spellcasting   | 5 |  5.7
Invocations    | 1 2 3 |  3.0
Fighting       | 1 2 |  2.7
Short Blades   | 1 2 |  2.7
Long Blades    | 1 2 |  2.7
Axes           | 1 2 |  2.7
Maces & Flails | 1 2 |  2.7
Polearms       | 1 2 |  2.7
Staves         | 1 2 |  2.7
Ranged Weapons | 1 2 |  2.7
Throwing       | 1 2 |  2.7
Armour         | 1 2 |  2.7
Shields        | 1 2 |  2.7
Unarmed Combat | 1 2 |  2.7
Evocations     | 1 2 |  2.7
Conjurations   | 1 2 |  2.2
Hexes          | 1 2 |  2.2
Summonings     | 1 2 |  2.2
Necromancy     | 1 2 |  2.2
Translocations | 1 2 |  2.2
Transmutations | 1 2 |  2.2
Fire Magic     | 1 2 |  2.2
Air Magic      | 1 2 |  2.2
Earth Magic    | 1 2 |  2.2
Poison Magic   | 1 2 |  2.2
Dodging        | 5 |  5.3
Stealth        | 5 |  5.0
Ice Magic      | |  7.5

Action                     |  1- 3 |  4- 6 |  7- 9 || total
---------------------------+-------+-------+-------++-------
  Melee: Unarmed           |     2 |       |       ||     2
         Whip              |    68 |    56 |     7 ||   131
         Bite              |     9 |     7 |     2 ||    18
         Punch             |       |       |     1 ||     1
   Fire: Sling             |       |    17 |     7 ||    24
   Cast: Freeze            |    15 |    17 |     2 ||    34
         Frozen Ramparts   |     1 |     5 |     1 ||     7
         Ozocubu's Armour  |     1 |     3 |     1 ||     5
         Hailstorm         |       |     1 |     3 ||     4
  Evoke: Wand              |       |       |     1 ||     1
   Stab: Sleeping          |     8 |     6 |       ||    14
         Distracted        |       |     1 |       ||     1
 Armour: Leather armour    |    13 |    19 |     3 ||    35
         Robe              |     1 |       |       ||     1
  Dodge: Dodged            |    49 |    47 |     6 ||   102
